Map: [ESL] Ancient Cistern

Players

RiSky

  • Race: Zerg Zerg
  • League: Master
  • Spawn Location: 1:00

PtitDrogo - Winner!

  • Race: Protoss Protoss
  • Spawn Location: 7:00

Event: HomeStory Cup XXIII

VOD

Have the link to the VOD?

Description

Time

  • Played on: July 1, 2023, 9:50 a.m.
  • Length: 18:26

All games in this series

Show
View Real Time Build Order
Export as new Build Order

RiSky Zerg 

Build Orders: Hatch First, Lurkers 

Get SALT Encoding   

  12  0:00  Drone  
  13  0:11  Overlord  
  13  0:16  Drone  
  14  0:30  Drone x2  
  16  0:43  Drone  
  17  0:51  Hatchery  
  17  0:54  Drone  
  17  0:57  Drone  
  18  1:11  Extractor  
  17  1:13  Spawning Pool  
  17  1:16  Drone  
  17  1:20  Drone  
  18  1:27  Drone  
  19  1:38  Drone  
  20  1:48  Overlord  
  20  2:02  Drone, Queen x2  
  20  2:03  Drone  
  26  2:10  Drone  
  26  2:12  Metabolic Boost  
  26  2:14  Drone  
  28  2:20  Drone  
  29  2:24  Zergling x2  
  30  2:32  Zergling x2  
  30  2:35  Zergling x2  
  32  2:42  Hatchery  
  31  2:45  Overlord  
  31  2:50  Queen  
  33  2:56  Drone x2  
  35  3:01  Drone  
  36  3:06  Drone  
  36  3:08  Drone  
  36  3:09  Drone  
  36  3:12  Drone x2  
  41  3:18  Drone x2  
  43  3:21  Lair  
  43  3:27  Overlord  
  43  3:28  Drone  
  43  3:32  Spore Crawler  
  43  3:42  Drone  
  43  3:43  Overlord  
  43  3:44  Queen  
  46  3:49  Drone x2  
  46  3:52  Drone  
  46  3:53  Drone x2  
  46  3:55  Extractor, Drone  
  50  4:00  Drone, Zergling x4  
  50  4:02  Overlord  
  54  4:06  Spore Crawler  
  53  4:16  Drone  
  54  4:17  Drone  
  54  4:18  Drone  
  54  4:19  Spore Crawler  
  54  4:21  Drone  
  54  4:22  Drone  
  57  4:25  Hydralisk Den  
  55  4:31  Drone, Spore Crawler  
  55  4:32  Drone  
  55  4:33  Drone  
  55  4:36  Drone x6  
  55  4:37  Spore Crawler  
  60  4:41  Drone  
  60  4:44  Drone  
  62  4:46  Extractor  
  62  4:48  Queen  
  62  4:51  Spore Crawler  
  62  4:56  Drone x6  
  62  4:59  Extractor, Drone  
  68  5:01  Muscular Augments  
  68  5:03  Drone  
  68  5:06  Drone  
  70  5:11  Zergling x4  
  71  5:14  Zergling x2  
  71  5:19  Zergling x2  
  71  5:20  Zergling x2  
  74  5:22  Overlord x2  
  74  5:25  Extractor  
  74  5:26  Overlord x2  
  74  5:27  Extractor  
  72  5:31  Overlord  
  72  5:39  Overlord  
  72  5:42  Drone x3  
  75  5:43  Drone, Lurker Den  
  75  5:44  Drone  
  75  5:45  Drone x3  
  75  5:46  Drone  
  75  5:48  Drone x2  
  82  5:51  Drone  
  82  5:52  Drone  
  84  6:00  Drone  
  84  6:01  Drone x2  
  87  6:07  Hydralisk  
  87  6:10  Hydralisk  
  91  6:12  Overlord  
  91  6:13  Evolution Chamber  
  91  6:14  Grooved Spines  
  91  6:15  Hydralisk x5  
  99  6:18  Hydralisk  
  99  6:23  Hydralisk x3  
  107  6:25  Hydralisk  
  107  6:29  Hydralisk  
  111  6:35  Hatchery  
  111  6:37  Hydralisk  
  112  6:45  Hydralisk  
  112  6:46  Hydralisk x3  
  120  6:50  Overlord x2  
  120  6:53  Zerg Missile Weapons Level 1  
  119  7:11  Zergling x30  
  134  7:20  Zergling x8  
  138  7:23  Zergling x4  
  140  7:34  Zergling x6  
  143  7:39  Zergling x4  
  145  7:44  Overlord x3  
  145  7:45  Overlord x4  
  144  8:06  Lurker x14  
  144  8:09  Zergling x24  
  144  8:10  Zergling x2  
  171  8:13  Zergling x6  
  171  8:16  Zergling x6  
  171  8:19  Zergling x4  
  163  8:37  Zergling x22  
  162  8:43  Zergling x6  
  160  8:51  Zergling x2  
  160  8:52  Zergling x8  
  165  8:56  Zergling x8  
  165  9:02  Zergling x6  
  170  9:13  Zergling x14  
  165  9:19  Zergling x8  
  154  9:27  Zergling x6  
  141  9:39  Zergling x14  
  141  9:45  Hydralisk x2  
  142  9:49  Queen x2  
  142  9:50  Spire  
  143  9:56  Hydralisk x2  
  143  10:06  Hydralisk x3  
  135  10:12  Infestation Pit  
  124  10:25  Zergling x16  
  132  10:28  Zergling x2  
  132  10:29  Overseer  
  132  10:30  Overseer x5  
  132  10:34  Zergling x4  
  126  10:46  Zergling x8  
  123  10:51  Hive  
  110  11:05  Hydralisk x7  
  122  11:12  Zergling x8  
  122  11:17  Hydralisk  
  122  11:22  Overseer x5  
  114  11:26  Hydralisk x4  
  122  11:38  Hydralisk x4  
  117  11:40  Zergling x4  
  119  11:50  Zergling x12  
  125  11:55  Zergling x6  
  125  12:05  Zergling x14  
  130  12:18  Zergling x2  
  124  12:30  Zergling x8  
  124  12:33  Zergling x14  
  122  12:40  Zergling x4  
  122  12:42  Seismic Spines  
  122  12:46  Zergling x4  
  123  12:53  Zergling x8  
  119  13:04  Viper  
  119  13:05  Viper x3  
  121  13:21  Zergling x2  
  121  13:22  Zergling x14  
  121  13:25  Overseer x3  
  121  13:26  Overseer  
  123  13:28  Viper  
  105  13:35  Hydralisk x5  
  105  13:39  Adaptive Talons  
  113  13:43  Hydralisk x2  
  113  13:48  Hydralisk x2, Overseer  
  117  13:54  Hydralisk x2  
  125  13:56  Lurker x8  
  125  13:57  Hydralisk x2  
  125  14:01  Hydralisk  
  139  14:09  Zergling x10  
  145  14:10  Zergling x2  
  145  14:14  Hydralisk  
  147  14:19  Zergling x6  
  147  14:22  Zergling x2  
  149  14:26  Zergling x6  
  151  14:33  Overlord  
  151  14:38  Overlord  
  151  14:43  Overlord x2  
  150  14:52  Zergling x10  
  145  14:56  Overseer x3  
  144  15:02  Zergling x8  
  146  15:10  Zergling x10  
  138  15:19  Zergling x12  
  134  15:23  Hydralisk  
  136  15:35  Hydralisk x4  
  119  15:41  Hydralisk x2  
  119  15:48  Hydralisk x2  
  119  15:49  Overseer  
  120  15:51  Hydralisk  
  117  15:57  Zergling x8  
  121  16:05  Hydralisk x2  
  121  16:07  Zergling x4  
  127  16:15  Zergling x8  
  122  16:20  Hydralisk x2  
  122  16:23  Hydralisk  
  128  16:27  Hydralisk  
  128  16:31  Hydralisk x2  
  130  16:37  Hydralisk  
  130  16:38  Hydralisk  
  130  16:45  Hydralisk  
  130  16:46  Hydralisk x2  
  134  17:04  Zergling x10  
  138  17:17  Lurker x6  
  138  17:18  Lurker  
  144  17:26  Lurker  
  144  17:27  Overseer  
  145  17:39  Overlord x3  
  141  17:47  Lurker  
  141  17:48  Lurker x2  
  144  17:51  Lurker  
Show
View Real Time Build Order
Export as new Build Order

PtitDrogo Protoss - Winner!

Build Orders: 1 Gate Expand, Oracle Opening, Zealot Archon 

Get SALT Encoding   

  12  0:00  Probe  
  13  0:12  Probe  
  14  0:19  Pylon  
  14  0:24  Probe  
  15  0:37  Probe (Chrono Boost)  
  15  0:40  Gateway  
  16  0:47  Probe (Chrono Boost)  
  17  0:50  Assimilator  
  17  0:52  Probe (Chrono Boost)  
  18  1:04  Probe  
  19  1:16  Probe  
  20  1:26  Nexus  
  20  1:36  Cybernetics Core  
  20  1:39  Probe  
  21  1:44  Assimilator  
  21  1:51  Probe  
  22  1:55  Pylon  
  22  2:04  Probe  
  23  2:10  Adept (Chrono Boost)  
  25  2:16  Probe  
  25  2:17  Stargate  
  26  2:25  Warp Gate  
  26  2:28  Probe (Chrono Boost)  
  27  2:33  Adept  
  29  2:38  Probe (Chrono Boost)  
  31  2:46  Probe (Chrono Boost)  
  31  2:48  Probe (Chrono Boost)  
  32  2:53  Probe x2 (Chrono Boost)  
  34  3:00  Oracle (Chrono Boost)  
  34  3:04  Probe  
  38  3:08  Pylon  
  38  3:09  Zealot  
  38  3:10  Probe  
  41  3:16  Probe  
  42  3:23  Probe  
  42  3:24  Gateway  
  43  3:27  Oracle (Chrono Boost)  
  43  3:28  Probe  
  47  3:35  Probe  
  47  3:40  Probe  
  49  3:46  Pylon  
  49  3:48  Probe  
  49  3:54  Nexus  
  50  3:56  Probe (Chrono Boost)  
  51  4:04  Probe (Chrono Boost), Oracle  
  56  4:10  Pylon  
  56  4:11  Assimilator  
  56  4:14  Probe (Chrono Boost), Assimilator  
  56  4:15  Probe (Chrono Boost)  
  57  4:19  Probe (Chrono Boost)  
  57  4:20  Probe (Chrono Boost)  
  59  4:30  Probe  
  60  4:32  Probe  
  61  4:42  Probe (Chrono Boost)  
  61  4:44  Probe (Chrono Boost)  
  63  4:45  Twilight Council  
  63  4:46  Forge  
  63  4:47  Robotics Facility  
  63  4:51  Adept x2  
  67  4:54  Probe (Chrono Boost)  
  67  4:56  Probe (Chrono Boost)  
  67  4:57  Gateway  
  67  4:58  Gateway  
  69  5:03  Probe (Chrono Boost), Shield Battery  
  69  5:06  Probe (Chrono Boost)  
  71  5:07  Probe (Chrono Boost)  
  74  5:14  Probe (Chrono Boost)  
  74  5:16  Probe (Chrono Boost), Protoss Ground Weapons Level 1 (Chrono Boost)  
  74  5:18  Probe (Chrono Boost)  
  74  5:19  Pylon  
  74  5:21  Probe (Chrono Boost), Charge  
  76  5:25  Templar Archives  
  76  5:27  Probe  
  76  5:28  Probe  
  79  5:36  Probe, Observer (Chrono Boost)  
  79  5:40  Probe  
  79  5:42  Probe  
  82  5:44  Gateway  
  82  5:45  Gateway  
  82  5:47  Gateway x2  
  82  5:51  Warp Prism (Chrono Boost)  
  84  5:57  Probe x2  
  84  5:58  Assimilator  
  84  6:02  Assimilator  
  84  6:03  Pylon  
  86  6:06  Probe  
  86  6:09  Probe x2  
  89  6:16  High Templar x2, Pylon  
  93  6:20  Photon Cannon  
  93  6:21  Probe  
  94  6:33  Pylon  
  94  6:36  Pylon  
  94  6:38  High Templar  
  96  6:43  High Templar x2  
  100  6:50  Gateway  
  100  6:51  Zealot x4  
  100  6:52  Gateway  
  100  6:54  Nexus  
  108  6:58  Immortal (Chrono Boost)  
  112  7:07  Protoss Ground Weapons Level 2 (Chrono Boost)  
  112  7:11  Pylon  
  112  7:15  Pylon  
  112  7:16  High Templar x2, Pylon  
  112  7:17  Zealot x4  
  112  7:20  Archon  
  124  7:27  Shield Battery  
  124  7:28  Photon Cannon  
  124  7:30  Observer (Chrono Boost)  
  124  7:32  Pylon  
  119  7:39  Probe x2  
  119  7:41  High Templar x2, Zealot x3  
  119  7:42  Zealot  
  119  7:43  Photon Cannon  
  133  7:44  Photon Cannon  
  133  7:45  Archon  
  133  7:48  Immortal (Chrono Boost)  
  133  7:51  Probe  
  138  7:56  Probe  
  139  7:59  Probe  
  139  8:03  Probe, Photon Cannon  
  141  8:05  Shield Battery  
  141  8:12  Zealot x7  
  155  8:25  Probe  
  156  8:27  Probe  
  151  8:35  Immortal (Chrono Boost), Zealot x8  
  151  8:38  Probe x3  
  151  8:39  Probe  
  139  8:53  Fleet Beacon  
  139  8:55  Assimilator x2  
  135  9:04  Zealot x5  
  145  9:12  Zealot x4  
  153  9:19  Zealot  
  144  9:27  High Templar x5  
  144  9:29  Protoss Ground Weapons Level 3  
  144  9:31  Psionic Storm  
  154  9:32  Pylon  
  154  9:35  Pylon, Zealot x3  
  154  9:37  Pylon  
  139  9:40  Zealot x2  
  139  9:43  Mothership (Chrono Boost)  
  130  9:55  Zealot  
  130  9:56  Zealot  
  133  10:09  Zealot x3  
  133  10:10  Pylon  
  127  10:23  Zealot  
  127  10:25  Zealot x3  
  127  10:26  Observer  
  123  10:31  Pylon  
  123  10:35  Zealot  
  123  10:42  Probe x2 (Chrono Boost)  
  107  10:51  Zealot x6  
  112  11:06  Zealot  
  112  11:11  High Templar x7  
  115  11:15  Probe (Chrono Boost)  
  119  11:18  Archon x3  
  117  11:28  Zealot  
  116  11:38  Oracle (Chrono Boost)  
  102  11:40  Pylon  
  101  11:54  Zealot x8  
  117  12:08  Oracle (Chrono Boost)  
  108  12:34  Archon  
  102  12:41  Zealot x5  
  102  12:42  Zealot x3  
  104  13:15  Zealot x4  
  104  13:16  Zealot x2  
  104  13:18  Nexus  
  116  13:27  Pylon  
  108  13:42  High Templar x7  
  122  13:51  Archon x3  
  122  13:55  Photon Cannon  
  122  14:12  Carrier (Chrono Boost)  
  122  14:13  Cybernetics Core  
  124  14:32  Photon Cannon  
  124  14:34  Photon Cannon, Assimilator  
  124  14:36  Zealot  
  124  14:37  Pylon  
  124  14:38  Zealot  
  128  14:41  Photon Cannon  
  128  14:42  Protoss Ground Armor Level 1  
  122  14:56  High Templar x2  
  122  15:20  Zealot x6  
  124  15:24  Assimilator  
  110  15:37  Archon  
  110  15:39  Oracle (Chrono Boost)  
  109  16:00  Zealot x8  
  125  16:05  Robotics Facility  
  125  16:10  Nexus  
  125  16:12  Pylon  
  124  16:25  Pylon  
  124  16:28  High Templar x4  
  124  16:29  Zealot x4  
  140  16:34  Photon Cannon x2  
  140  16:36  Photon Cannon, Shield Battery  
  131  16:43  Photon Cannon  
  131  16:45  Photon Cannon, Shield Battery  
  121  17:05  Zealot x8  
  133  17:19  Nexus  
  133  17:20  Pylon  
  133  17:22  Carrier (Chrono Boost)  
  133  17:23  Observer (Chrono Boost)  
  140  17:30  High Templar x7  
  140  17:33  Archon  
  140  17:34  Archon x2  
  154  17:38  Observer  
  149  17:49  Zealot  
  149  17:51  Shield Battery  
  149  17:53  Photon Cannon  
  149  17:56  Photon Cannon  
Tags
 
Add a new tag
Caveats
  • Supply blocks, unpowered buildings, or Contaminate may cause inaccurate times.
  • Supply counts are checked every 10 seconds.